3A
GALESBURG GUZZLERS @ PUT-IN-BAY BC
07/25/2028
 
TOP OF THE 1ST
Galesburg Guzzlers batting - Pitching for Put-In-Bay BC : RHP Joe Shlabotnik
Pitching: RHP Joe Shlabotnik
Batting: RHB Sébastien Bernard 0-0: Foul Ball, location: 2F
0-1: SINGLE (Flyball, 8LS)
Batting: RHB Jack Stidston 0-0: Ball
1-0: Ball
Sébastien Bernard steals 2nd base
2-0: Ground out 5-3 (Groundball, 56)
Batting: SHB Billy Dotson 0-0: Ball
1-0: Called Strike
Sébastien Bernard is caught stealing 3rd base
1-1: Ball
2-1: Foul Ball, location: 2F
2-2: SOLO HOME RUN (Flyball, 89XD), Distance : 403 ft
Batting: LHB Ángelo Corona 0-0: Ball
1-0: Foul Ball, location: 2F
1-1: SOLO HOME RUN (Flyball, 78XD), Distance : 416 ft
Batting: SHB Willie McGirt 0-0: Ball
1-0: Foul Ball, location: 2F
1-1: Called Strike
1-2: Ball
2-2: Strikes out swinging
Top of the 1st over - 2 run(s), 3 hit(s), 0 error(s), 0 left on base; Galesburg 2 - Put-In-Bay 0
BOTTOM OF THE 1ST
Put-In-Bay BC batting - Pitching for Galesburg Guzzlers : LHP Robby Oglethorpe
Pitching: LHP Robby Oglethorpe
Batting: RHB Adam Khan 0-0: Ball
1-0: Called Strike
1-1: Foul Ball, location: 2F
1-2: Foul Ball, location: 2F
1-2: Strikes out swinging
Batting: RHB Andrew Cantrell 0-0: Foul Ball, location: 2F
0-1: Swinging Strike
0-2: Foul Ball, location: 2F
0-2: Strikes out swinging
Batting: RHB Juan Tellado 0-0: Called Strike
0-1: Called Strike
0-2: Ball
1-2: Ball
2-2: Foul Ball, location: 2F
2-2: Strikes out swinging
Bottom of the 1st over - 0 run(s), 0 hit(s), 0 error(s), 0 left on base; Galesburg 2 - Put-In-Bay 0
TOP OF THE 2ND
Galesburg Guzzlers batting - Pitching for Put-In-Bay BC : RHP Joe Shlabotnik
Batting: LHB Pedro Gutiérrez 0-0: Ball
1-0: SINGLE (Groundball, 6MD)
Batting: RHB Bastiaan Pieterse 0-0: Ball
1-0: Ball
2-0: Ball
3-0: Called Strike
3-1: Called Strike
3-2: Strikes out swinging
Pedro Gutiérrez steals 2nd base
Batter strikes out.
Batting: RHB Pacu Martic 0-0: Called Strike
0-1: Ball
1-1: Called Strike
1-2: Ball
2-2: Foul Ball, location: 2F
2-2: Ball
3-2: Foul Ball, location: 2F
3-2: Strikes out looking
Batting: RHB Derek Bouch 0-0: Fly out, F9 (Flyball, 9D)
Top of the 2nd over - 0 run(s), 1 hit(s), 0 error(s), 1 left on base; Galesburg 2 - Put-In-Bay 0
BOTTOM OF THE 2ND
Put-In-Bay BC batting - Pitching for Galesburg Guzzlers : LHP Robby Oglethorpe
Batting: SHB Theron Montecalvo 0-0: Ball
1-0: Foul Ball, location: 2F
1-1: Foul Ball, location: 2F
1-2: Ball
2-2: Foul Ball, location: 2F
2-2: Foul Ball, location: 2F
2-2: Ball
3-2: Foul Ball, location: 2F
3-2: Foul Ball, location: 2F
3-2: SINGLE (Flyball, 9S)
Batting: RHB Alejandro Márquez 0-0: Ball
1-0: Ball
2-0: Called Strike
2-1: DOUBLE (Flyball, 9LM)
Theron Montecalvo to third
Batting: RHB Brock Dean 0-0: Ball
1-0: Ball
2-0: Foul Ball, location: 2F
2-1: Swinging Strike
2-2: Strikes out swinging
Batting: LHB Vladya Pugiev 0-0: Ball
1-0: Fly out, F8 (Flyball, 78M)
Runner from 3rd tags up, SCORES, no throw
Batting: RHB Mike Elzey 0-0: Ball
1-0: Foul Ball, location: 2F
1-1: Swinging Strike
1-2: Ball
2-2: Strikes out looking
Bottom of the 2nd over - 1 run(s), 2 hit(s), 0 error(s), 1 left on base; Galesburg 2 - Put-In-Bay 1
TOP OF THE 3RD
Galesburg Guzzlers batting - Pitching for Put-In-Bay BC : RHP Joe Shlabotnik
Batting: RHB Sébastien Bernard 0-0: Called Strike
0-1: SINGLE (Groundball, 13) (infield hit)
Batting: RHB Jack Stidston 0-0: Ground out 4-3 (Groundball, 4MD)
Sébastien Bernard to second
Batting: SHB Billy Dotson 0-0: Ball
1-0: Foul Ball, location: 2F
1-1: Ground out 3-1 (Groundball, 34)
Sébastien Bernard to third
Batting: LHB Ángelo Corona 0-0: DOUBLE (Flyball, 9LM)
Sébastien Bernard scores
Batting: SHB Willie McGirt 0-0: Fly out, F9 (Line Drive, 9)
Top of the 3rd over - 1 run(s), 2 hit(s), 0 error(s), 1 left on base; Galesburg 3 - Put-In-Bay 1
BOTTOM OF THE 3RD
Put-In-Bay BC batting - Pitching for Galesburg Guzzlers : LHP Robby Oglethorpe
Batting: RHB Alfie Hollington 0-0: Ball
1-0: Called Strike
1-1: Foul Ball, location: 2F
1-2: Foul Ball, location: 2F
1-2: Foul Ball, location: 2F
1-2: Fly out, F9 (Flyball, 9S)
Batting: RHB Adam Khan 0-0: SINGLE (Groundball, 56D)
Batting: RHB Andrew Cantrell 0-0: Ball
1-0: Called Strike
1-1: Foul Ball, location: 2F
1-2: Strikes out swinging
Adam Khan steals 2nd base
Batter strikes out.
Batting: RHB Juan Tellado 0-0: Ball
1-0: SINGLE (Line Drive, 89M)
Adam Khan to third
Runner from 3rd tries for Home, SAFE, no throw
Batting: SHB Theron Montecalvo 0-0: Ball
Juan Tellado steals 2nd base
1-0: Called Strike
1-1: Ball
2-1: SINGLE (Line Drive, 6MD)
Juan Tellado to third
Runner from 3rd tries for Home, SAFE, no throw
Batting: RHB Alejandro Márquez 0-0: Swinging Strike
0-1: Ball
1-1: Fielders Choice at 2nd, 4-6 (Groundball, 4)
Bottom of the 3rd over - 2 run(s), 3 hit(s), 0 error(s), 0 left on base; Galesburg 3 - Put-In-Bay 3
TOP OF THE 4TH
Galesburg Guzzlers batting - Pitching for Put-In-Bay BC : RHP Joe Shlabotnik
Batting: LHB Pedro Gutiérrez 0-0: Called Strike
0-1: Ball
1-1: Foul Ball, location: 2F
1-2: Strikes out swinging
Batting: RHB Bastiaan Pieterse 0-0: Ball
1-0: Ball
2-0: Foul Ball, location: 2F
2-1: DOUBLE (Line Drive, 7LM)
Batting: RHB Pacu Martic 0-0: Foul Ball, location: 2F
0-1: Swinging Strike
0-2: Hit by Pitch
Batting: RHB Derek Bouch 0-0: Called Strike
0-1: Swinging Strike
0-2: Strikes out swinging
Batting: RHB Sébastien Bernard 0-0: Called Strike
0-1: Foul Ball, location: 2F
0-2: Strikes out swinging
Top of the 4th over - 0 run(s), 1 hit(s), 0 error(s), 2 left on base; Galesburg 3 - Put-In-Bay 3
BOTTOM OF THE 4TH
Put-In-Bay BC batting - Pitching for Galesburg Guzzlers : LHP Robby Oglethorpe
Batting: RHB Brock Dean 0-0: Ball
1-0: Ball
2-0: Ground out 6-3 (Groundball, 6)
Batting: LHB Vladya Pugiev 0-0: Called Strike
0-1: Swinging Strike
0-2: Foul Ball, location: 2F
0-2: Ball
1-2: Foul Ball, location: 2F
1-2: SINGLE (Line Drive, 78S)
Batting: RHB Mike Elzey 0-0: Ball
1-0: Fielders Choice at 2nd, 6-4 (Groundball, 56)
Batting: RHB Alfie Hollington 0-0: Foul Ball, location: 2F
0-1: Ball
1-1: Ball
2-1: Called Strike
2-2: Fly out, F8 (Line Drive, 8LS)
Bottom of the 4th over - 0 run(s), 1 hit(s), 0 error(s), 1 left on base; Galesburg 3 - Put-In-Bay 3
TOP OF THE 5TH
Galesburg Guzzlers batting - Pitching for Put-In-Bay BC : RHP Joe Shlabotnik
Batting: RHB Jack Stidston 0-0: Called Strike
0-1: Ball
1-1: Ball
2-1: Foul Ball, location: 2F
2-2: Strikes out swinging, 2-3 out at first.
Batting: SHB Billy Dotson 0-0: Ball
1-0: Ball
2-0: Called Strike
2-1: Called Strike
2-2: Ball
3-2: DOUBLE (Line Drive, 9LM)
Batting: LHB Ángelo Corona 0-0: Ball
1-0: Called Strike
1-1: Foul Ball, location: 2F
1-2: Ground out 6-3 (Groundball, 6)
Batting: SHB Willie McGirt 0-0: Ball
1-0: Ball
2-0: Ground out 1-3 (Groundball, P)
Top of the 5th over - 0 run(s), 1 hit(s), 0 error(s), 1 left on base; Galesburg 3 - Put-In-Bay 3
BOTTOM OF THE 5TH
Put-In-Bay BC batting - Pitching for Galesburg Guzzlers : LHP Robby Oglethorpe
Batting: RHB Adam Khan 0-0: Ball
1-0: Called Strike
1-1: Swinging Strike
1-2: Strikes out swinging, 2-3 out at first.
Batting: RHB Andrew Cantrell 0-0: Ball
1-0: Ball
2-0: Fly out, F7 (Flyball, 78S)
Batting: RHB Juan Tellado 0-0: Foul Ball, location: 2F
0-1: Called Strike
0-2: Ball
1-2: Fly out, F8 (Flyball, 8RM)
Bottom of the 5th over - 0 run(s), 0 hit(s), 0 error(s), 0 left on base; Galesburg 3 - Put-In-Bay 3
TOP OF THE 6TH
Galesburg Guzzlers batting - Pitching for Put-In-Bay BC : RHP Joe Shlabotnik
Batting: LHB Pedro Gutiérrez 0-0: Called Strike
0-1: Ball
1-1: Fly out, F8 (Flyball, 8LS)
Batting: RHB Bastiaan Pieterse 0-0: Called Strike
0-1: Swinging Strike
0-2: Strikes out swinging
Batting: RHB Pacu Martic 0-0: Foul Ball, location: 2F
0-1: Ball
1-1: Swinging Strike
1-2: SINGLE (Line Drive, 89S)
Batting: RHB Derek Bouch 0-0: Foul Ball, location: 2F
0-1: Fielders Choice at 2nd, 6-4 (Groundball, 6)
Top of the 6th over - 0 run(s), 1 hit(s), 0 error(s), 0 left on base; Galesburg 3 - Put-In-Bay 3
BOTTOM OF THE 6TH
Put-In-Bay BC batting - Pitching for Galesburg Guzzlers : LHP Robby Oglethorpe
Batting: SHB Theron Montecalvo 0-0: Called Strike
0-1: Ball
1-1: Foul Ball, location: 2F
1-2: Ground out 6-3 (Groundball, 6)
Batting: RHB Alejandro Márquez 0-0: Ball
1-0: Ball
2-0: Foul Ball, location: 2F
2-1: Swinging Strike
2-2: Ball
3-2: Base on Balls
Batting: RHB Brock Dean 0-0: Swinging Strike
0-1: Ball
1-1: Ball
2-1: Foul Ball, location: 2F
2-2: Ball
3-2: Strikes out swinging
Batting: LHB Vladya Pugiev 0-0: Called Strike
0-1: Foul Ball, location: 2F
0-2: Ball
1-2: SINGLE (Groundball, 6MD)
Alejandro Márquez to second
Runner from 2nd tries for 3rd, SAFE, throw made to third
Batting: RHB Mike Elzey 0-0: Ball
1-0: Called Strike
1-1: Ball
2-1: Foul Ball, location: 2F
2-2: Ball
3-2: Strikes out swinging
Bottom of the 6th over - 0 run(s), 1 hit(s), 0 error(s), 2 left on base; Galesburg 3 - Put-In-Bay 3
TOP OF THE 7TH
Galesburg Guzzlers batting - Pitching for Put-In-Bay BC : RHP Joe Shlabotnik
Pinch Hitting: RHB Stephen Chávez 0-0: Called Strike
0-1: Fly out, F9 (Line Drive, 89M)
Pinch Hitting: RHB Barrett Drury 0-0: Called Strike
0-1: Foul Ball, location: 2F
0-2: Foul Ball, location: 2F
0-2: SINGLE (Groundball, 6D)
Batting: SHB Billy Dotson 0-0: Ball
1-0: Called Strike
1-1: Swinging Strike
1-2: Ball
2-2: Foul Ball, location: 2F
2-2: Foul Ball, location: 2F
2-2: Strikes out looking
Pinch Hitting: RHB Eun-bum Kim 0-0: Called Strike
0-1: Ball
1-1: Ball
Barrett Drury is caught stealing 2nd base
Top of the 7th over - 0 run(s), 1 hit(s), 0 error(s), 0 left on base; Galesburg 3 - Put-In-Bay 3
BOTTOM OF THE 7TH
Put-In-Bay BC batting - Pitching for Galesburg Guzzlers : LHP Robby Oglethorpe
Now at 3B: Eun-bum Kim
Now at SS: Barrett Drury
Now in LF: Stephen Chávez
Pinch Hitting: RHB Oscar McMillan 0-0: Fly out, F5 (Popup, 5S)
Pinch Hitting: RHB Eli Cline 0-0: Called Strike
0-1: Called Strike
0-2: Ball
1-2: Ball
2-2: Ball
3-2: Foul Ball, location: 2F
3-2: Strikes out swinging
Batting: RHB Andrew Cantrell 0-0: Called Strike
0-1: Ball
1-1: Ball
2-1: Swinging Strike
2-2: Foul Ball, location: 2F
2-2: Ball
3-2: Foul Ball, location: 2F
3-2: Foul Ball, location: 2F
3-2: Base on Balls
Pitching: RHP Tony DeWitt
Batting: RHB Juan Tellado 0-0: Swinging Strike
0-1: Foul Ball, location: 2F
0-2: Ball
1-2: Ball
2-2: Strikes out swinging
Bottom of the 7th over - 0 run(s), 0 hit(s), 0 error(s), 1 left on base; Galesburg 3 - Put-In-Bay 3
TOP OF THE 8TH
Galesburg Guzzlers batting - Pitching for Put-In-Bay BC : RHP Joe Shlabotnik
Now at SS: Eli Cline
Now in RF: Oscar McMillan
Pinch Hitting: LHB Calvin Wilms 0-0: Swinging Strike
0-1: Ball
1-1: Foul Ball, location: 2F
1-2: Strikes out swinging
Pitching: RHP James Bennett
Batting: SHB Willie McGirt 0-0: Foul Ball, location: 2F
0-1: Foul Ball, location: 2F
0-2: Foul Ball, location: 2F
0-2: Ball
1-2: Ball
2-2: Ground out 4-3 (Groundball, 4D)
Batting: LHB Pedro Gutiérrez 0-0: Ground out 4-3 (Groundball, 34)
Top of the 8th over - 0 run(s), 0 hit(s), 0 error(s), 0 left on base; Galesburg 3 - Put-In-Bay 3
BOTTOM OF THE 8TH
Put-In-Bay BC batting - Pitching for Galesburg Guzzlers : RHP Tony DeWitt
Now at 2B: Andre González
Batting: SHB Theron Montecalvo 0-0: Foul Ball, location: 2F
0-1: Called Strike
0-2: Ball
1-2: Strikes out swinging
Batting: RHB Alejandro Márquez 0-0: Foul Ball, location: 2F
0-1: Called Strike
0-2: Ball
1-2: Strikes out looking
Pinch Hitting: LHB Shelby Noonan 0-0: Ball
1-0: Ball
2-0: Ball
3-0: Base on Balls
Pinch Runner at 1st Mario Chávez:
Batting: LHB Vladya Pugiev 0-0: Ball
1-0: Foul Ball, location: 2F
1-1: Swinging Strike
1-2: Foul Ball, location: 2F
1-2: Foul Ball, location: 2F
1-2: Fielders Choice at 2nd, 6-4 (Groundball, 6)
Bottom of the 8th over - 0 run(s), 0 hit(s), 0 error(s), 0 left on base; Galesburg 3 - Put-In-Bay 3
TOP OF THE 9TH
Galesburg Guzzlers batting - Pitching for Put-In-Bay BC : RHP James Bennett
Pitching: RHP Joaquin Farias
Now in LF: Mario Chávez
Batting: RHB Bastiaan Pieterse 0-0: Ball
1-0: Ball
2-0: Called Strike
2-1: Foul Ball, location: 2F
2-2: Ball
3-2: Foul Ball, location: 2F
3-2: Fly out, F5 (Popup, 5L)
Pinch Hitting: LHB Marshall Willis 0-0: Ball
1-0: Called Strike
1-1: Foul Ball, location: 2F
1-2: Foul Ball, location: 2F
1-2: Ball
2-2: Strikes out swinging
Pinch Hitting: RHB Janghyun Yi 0-0: Ground out 5-3 (Groundball, 5)
Top of the 9th over - 0 run(s), 0 hit(s), 0 error(s), 0 left on base; Galesburg 3 - Put-In-Bay 3
BOTTOM OF THE 9TH
Put-In-Bay BC batting - Pitching for Galesburg Guzzlers : RHP Tony DeWitt
Pitching: RHP Dermot Eridge
Now at C: Abiram Wahine
Now at 1B: Janghyun Yi
Pinch Hitting: RHB Ryan French 0-0: Ball
1-0: Ball
2-0: Ball
3-0: Base on Balls
Pinch Runner at 1st Steven Rohrs:
Batting: RHB Oscar McMillan 0-0: Ball
1-0: Bunted foul
1-1: Sac Bunt - play at first, batter safe!
Steven Rohrs to second
Batting: RHB Eli Cline 0-0: Foul Ball, location: 2F
0-1: Ball
1-1: Ball
2-1: Sac Bunt - play at first, batter OUT! 4-3
Steven Rohrs to third
Oscar McMillan to second
Batting: RHB Andrew Cantrell 0-0: Intentional Walk
Batting: RHB Juan Tellado 0-0: Foul Ball, location: 2F
0-1: Called Strike
0-2: Ball
1-2: Ball
2-2: SINGLE (Line Drive, 6MD)
Steven Rohrs scores
GAME OVER ... PUT
In-Bay defeats Galesburg, 4 to 3
Friday, August 18th, 2017 - OOTP Baseball 17.12 Build 75